 Dungeon Crawl Stone Soup version 0.31-a0-986-g5e6e4ef867 (webtiles) character file.

Game seed: 7276777606152696002

1301 wildpjah the Slasher (level 8, -10/58 HPs)
             Began as a Demonspawn Gladiator on Nov 21, 2023.
             Was an Initiate of Yredelemnul.
             Mangled by a wight
             ... wielding a +1 halberd of freezing
              (11 damage)
             ... on level 8 of the Dungeon.
             The game lasted 00:12:35 (4436 turns).

wildpjah the Slasher (Demonspawn Gladiator)         Turns: 4436, Time: 00:12:37

Health: -10/58     AC: 15    Str: 14    XL:     8   Next: 31%
Magic:  9/9        EV: 17    Int: 12    God:    Yredelemnul [......]
Gold:   282        SH:  0    Dex: 18    Spells: 7/7 levels left

rFire   . . .        a - +0 long sword
rCold   . . .        (no shield)
rNeg    . . .        o - +5 ring mail of Bad Feelings {Int+3}
rPois   +            c - +0 helmet
rElec   .            (no cloak)
rCorr   .            (no gloves)
SInv    .            C - +0 pair of boots
Will    .....        (no amulet)
Stlth   ++           g - ring of poison resistance
HPRegen 0.29/turn    e - +5 ring of evasion
MPRegen 0.22/turn

%: no passive effects
@: marked
A: molten scales 1, magic regeneration, weakness stinger 2
a: Renounce Religion, Recall Undead Harvest


You were on level 8 of the Dungeon.
You worshipped Yredelemnul.
Yredelemnul was noncommittal.
You visited 1 branch of the dungeon, and saw 6 of its levels.

You collected 282 gold pieces.

Inventory:

Hand Weapons
 a - a +0 long sword (weapon)
Missiles
 v - 9 javelins
Armour
 b - a +0 leather armour
 c - a +0 helmet (worn)
 o - the +5 ring mail of Bad Feelings (worn) {Int+3}
   (You found it on level 2 of the Dungeon)

   Int+3:     It affects your intelligence (+3).
 C - a +0 pair of boots (worn)
Jewellery
 e - a +5 ring of evasion (right hand)
 f - a ring of fire
 g - a ring of poison resistance (left hand)
 A - a ring of positive energy
Wands
 y - a wand of charming (7)
 B - a wand of iceblast (4)
 D - a wand of mindburst (13)
Scrolls
 j - a scroll of enchant weapon {unknown}
 k - 4 scrolls of teleportation {unknown}
 l - 6 scrolls of identify {unknown}
 q - a scroll of immolation {unknown}
 s - 3 scrolls of blinking {unknown}
 t - a scroll of torment {unknown}
 x - 3 scrolls of revelation {unknown}
 z - a scroll of butterflies {unknown}
Potions
 h - a potion of magic {unknown}
 i - 2 potions of curing {unknown}
 m - 2 potions of mutation {unknown}
 n - 5 potions of enlightenment {unknown}
 p - a potion of brilliance {unknown}
 r - a potion of might {unknown}
 u - a potion of heal wounds {unknown}
 w - a potion of attraction {unknown}


   Skills:
 + Level 3.4 Fighting
 + Level 6.6 Long Blades
 + Level 2.1 Throwing
 + Level 3.4 Armour
 + Level 4.0 Dodging
 + Level 3.4 Stealth
 + Level 2.5 Invocations
 + Level 0.1 Evocations


You had 7 spell levels left.
You didn't know any spells.
Your spell library contained the following spells:

 Spells                   Type           Power      Damage    Failure   Level
 Inner Flame              Hex/Fire       0%         N/A       89%         3
 Flame Wave               Conj/Fire      0%         2d4       100%        4
 Sticky Flame             Conj/Fire      0%         2d3       100%        4


Dungeon Overview and Level Annotations

Branches:
Dungeon (5/15)
 Temple: D:4-7

Altars:
Gozag
Okawaru
Yredelemnul


Innate Abilities, Weirdness & Mutations

You are partially covered in molten scales. (AC +2)
You regenerate magic rapidly.
You have a tail ending in a sharp stinger.


Message History

You tail-slap the bush, but do no damage.
The wolf misses you. The centaur hits you.
The centaur kicks you but does no damage.
The troll bites you but does no damage. The troll barely misses you. x2
The wight hits you from afar with a +1 halberd of freezing!
* * * LOW HITPOINT WARNING * * *
The wight freezes you.
* * * LOW HITPOINT WARNING * * *
The wight struggles against the net.
The net rips apart, and the wight comes free!
The ice beast hits the bush but does no damage.
The wolf barely misses you. The centaur completely misses you.
The centaur kicks you but does no damage.
The troll barely misses you. The troll closely misses you.
The troll misses you.
You hit the bush but do no damage. The wolf misses you. The wight misses you.
An orc warrior comes into view. It is wielding a +0 battleaxe.
The centaur misses you. The centaur kicks you.
* * * LOW HITPOINT WARNING * * *
The ice beast hits the bush but does no damage.
The troll bites you.
* * * LOW HITPOINT WARNING * * *
The troll completely misses you. The troll closely misses you.
The wight hits you but does no damage.
You hit the bush but do no damage. The centaur misses you.
The centaur completely misses you.
The ice beast hits the bush.
The ice beast freezes the bush!
The centaur closely misses you. The centaur barely misses you.
The troll completely misses you. The troll barely misses you.
The troll misses you. The wight completely misses you.
Unknown command.
You hit the bush.
The bush is lightly damaged.
The wolf bites the bush.
The centaur hits you.
* * * LOW HITPOINT WARNING * * *
The centaur misses you. The troll completely misses you.
The troll barely misses you. The troll claws you but does no damage.
The wight hits you from afar with a +1 halberd of freezing!
You die...
Your body rises from the dead as a mindless zombie.

.#.########.............#..).##..
...##..#.#.#...........####......
##..#.##.....#.........# ..#....
#..z..#..............#.. .###.#..
##..zc...............# .. ##..
#.........PP♣...P... #. .
##........P♣♣PP♣♣♣♣.. #.
#......z..♣♣♣zYc♣♣P
..........♣hYz.h@PP
......T...hP(.zTYP...#
.........kY♣.⌠z⌠.P...#
.##........♣♣...♣♣......
##.........♣♣P♣.♣ P.....
#...>......PPP♣PP♣ ...##
............. ..... ....
.................. ....
............


You could see 2 yaks, a troll, a rime drake, 2 ice beasts, 3 wolves, a centaur
and 4 wights.

Vanquished Creatures
  2 water moccasins
  A black bear (D:5)
  2 ogres
  2 bullfrogs
  A scorpion (D:4)
  A wight (D:8)
  A howler monkey (D:8)
  A jelly (D:8)
  An orc priest (D:5)
  Crazy Yiuf (D:4)
  A sleepcap (D:4)
  Ijyb (D:5)
  Natasha (thrice) (D:4)
  An orc wizard (D:3)
  4 gnolls (D:2)
  3 adders
  A worm (D:3)
  2 dart slugs
  7 orcs
  5 bats
  3 endoplasms
  6 goblins
  4 hobgoblins
  4 jackals (D:1)
  4 quokkas
  3 ball pythons
  3 frilled lizards
  9 kobolds
  5 rats
82 creatures vanquished.

Vanquished Creatures (collateral kills)
  A centaur (D:4)
  A scorpion (D:5)
  An orc wizard (D:5)
  2 adders
  A worm (D:2)
  A dart slug (D:5)
  An orc (D:8)
  An endoplasm (D:1)
  A hobgoblin (D:1)
  2 jackals (D:1)
  A bat (D:2)
  A frilled lizard (D:1)
  2 kobolds
16 creatures vanquished.

Vanquished Creatures (others)
  A bullfrog zombie (D:8)
  A centaur zombie (D:4)
  A scorpion zombie (D:4)
  An ogre zombie (D:4)
  A worm zombie (D:3)
  2 adder zombies
  A felid zombie (D:4)
  A jelly zombie (D:8)
  2 bat zombies (D:1)
  A dart slug zombie (D:4)
  An endoplasm zombie (D:3)
  A frilled lizard zombie (D:1)
  A giant cockroach zombie (D:1)
  A hobgoblin zombie (D:4)
  3 kobold zombies
  4 orc zombies
  A rat zombie (D:1)
24 creatures vanquished.

Grand Total: 122 creatures vanquished

Notes
Turn   | Place    | Note
-------+----------+-------------------------------------------
     0 | D:1      | wildpjah the Demonspawn Gladiator began the quest for the
                  | Orb.
     0 | D:1      | Reached XP level 1. HP: 16/16 MP: 1/1
   193 | D:1      | Found a faded altar of an unknown god.
   197 | D:1      | Prayed at the altar of an unknown god.
   197 | D:1      | Became a worshipper of Yredelemnul the Dark
   197 | D:1      | Reached * piety under Yredelemnul
   254 | D:1      | Gained mutation: You are partially covered in molten
                  | scales. (AC +2) [demonic ancestry]
   254 | D:1      | Reached XP level 2. HP: 19/22 MP: 2/2
   304 | D:1      | Reached skill level 3 in Long Blades
   471 | D:1      | Reached XP level 3. HP: 24/27 MP: 3/3
   951 | D:2      | Gained mutation: You have a small tail. [demonic ancestry]
   951 | D:2      | Reached XP level 4. HP: 11/33 MP: 4/4
  1141 | D:2      | Identified the +3 mace of the Penguin {venom, rElec rC++
                  | Int-5 SInv}
  1260 | D:2      | Identified the +5 ring mail of Bad Feelings {Int+3}
  1911 | D:3      | Reached skill level 1 in Armour
  2432 | D:3      | Reached skill level 4 in Long Blades
  2432 | D:3      | Gained mutation: You regenerate magic rapidly. [demonic
                  | ancestry]
  2432 | D:3      | Reached XP level 5. HP: 39/39 MP: 5/5
  2820 | D:4      | Noticed an ogre
  2827 | D:4      | Killed an ogre
  2828 | D:4      | Reached skill level 1 in Stealth
  2828 | D:4      | Reached skill level 1 in Invocations
  2828 | D:4      | Reached XP level 6. HP: 34/46 MP: 4/6
  2893 | D:4      | Found an iron altar of Okawaru.
  2894 | D:4      | Noticed Natasha
  2909 | D:4      | Reached skill level 5 in Long Blades
  2910 | D:4      | Killed Natasha
  3033 | D:4      | Reached ** piety under Yredelemnul
  3070 | D:4      | Noticed Natasha
  3081 | D:4      | Killed Natasha
  3132 | D:4      | Noticed Natasha
  3140 | D:4      | Killed Natasha
  3168 | D:4      | Found an opulent altar of Gozag.
  3315 | D:4      | Found a runed translucent door.
  3316 | D:4      | Noticed Crazy Yiuf
  3337 | D:4      | Your ally Natasha died
  3341 | D:4      | Killed Crazy Yiuf
  3342 | D:4      | Gained mutation: You have a tail ending in a sharp stinger.
                  | [demonic ancestry]
  3342 | D:4      | Reached XP level 7. HP: 30/51 MP: 2/8
  3498 | D:5      | Entered Level 5 of the Dungeon
  3602 | D:5      | Noticed Ijyb
  3613 | D:5      | Reached skill level 6 in Long Blades
  3632 | D:5      | Killed Ijyb
  3936 | D:5      | Reached XP level 8. HP: 41/58 MP: 9/9
  4162 | D:5      | You fall into a shaft and drop 3 floors!
  4338 | D:8      | Noticed a catoblepas
  4404 | D:8      | Noticed a rime drake
  4410 | D:8      | Noticed a troll
  4436 | D:8      | HP: 1/58 [centaur (3)]
  4436 | D:8      | Mangled by a wight

Illustrated notes

Levels and vault maps discovered:
D:1:      shiori_arrival_oz, layout_basic,
          shapermc_ecumenical_altar_mp_urbaneastern, serial_bayou_crossing
D:2:      layout_loops_corners
D:3:      layout_loops_ring, serial_aquarium, aquarium_bridge_square
          [aquarium_subvault_bridge, aquarium_subvault_bridge,
          aquarium_subvault_window, aquarium_subvault_bridge],
          aquarium_window_2, aquarium_window_3, aquarium_window_2,
          aquarium_window_1, aquarium_view_2d, minmay_misc_feat_columns
D:4:      layout_rooms, okawaru_metal_pillars_1_2, mainiacjoe_overflow_alcove_4,
          uniq_crazy_yiuf_cottage, uniq_natasha
D:5:      minmay_general_purpose_star, layout_gridville, uniq_ijyb
D:8:      hangedman_cross_veins, layout_cave_pools, hellmonk_lair_entry_icy,
          serial_park, serial_park_tiny_1, serial_park_tiny_1,
          serial_park_square1 [serial_park_minivault_5x5_4],
          minmay_misc_feat_diagonals, minmay_mini_ossuary

Skill      XL: |  1  2  3  4  5  6  7  8 |
---------------+-------------------------+-----
Dodging        | 3 4 |  4.0
Long Blades    | 3 4 5 6 |  6.6
Throwing       | 2 |  2.1
Armour         | 1 2 3 |  3.4
Stealth        | 1 3 |  3.4
Invocations    | 1 2 |  2.5
Fighting       | 3 |  3.4
Evocations     | |  0.1

Action                     |  1- 3 |  4- 6 |  7- 9 || total
---------------------------+-------+-------+-------++-------
  Melee: Long sword        |    76 |   136 |    95 ||   307
         Tailslap          |       |    17 |    16 ||    33
         Punch             |       |     3 |     5 ||     8
  Throw: Javelin           |     1 |     1 |       ||     2
         Throwing net      |       |     1 |     3 ||     4
 Invoke: Recall Undead Har |       |    13 |     2 ||    15
  Evoke: Wand              |       |       |     2 ||     2
   Stab: Distracted        |     2 |     4 |     2 ||     8
         Sleeping          |     1 |       |     3 ||     4
 Armour: Leather armour    |    64 |     2 |       ||    66
         Ring mail         |       |    85 |    94 ||   179
  Dodge: Dodged            |    82 |   158 |   158 ||   398

Table legend: (Time is in decaauts)
 A = Elapsed time spent in this place.
 B = Non-inter-level travel time spent in this place.
 C = Inter-level travel time spent in this place.
 D = Time resting spent in this place.
 E = Time spent auto-exploring this place.
 F = Levels seen in this place.
 G = Mean time per level.
                   A        B        C        D        E       F      G
               +--------+--------+--------+--------+--------+-----+--------+
         Total |   4502 |   4438 |     64 |      0 |   3584 |   6 |  750.3 |
       Dungeon |   4502 |   4438 |     64 |      0 |   3584 |   6 |  750.3 |
               +--------+--------+--------+--------+--------+-----+--------+

Top non-repeatable levels by time:
     D:2: 1007 daAuts
     D:3: 895 daAuts
     D:1: 893 daAuts
     D:4: 759 daAuts
     D:5: 669 daAuts
     D:8: 276 daAuts
